 Dungeon Crawl Stone Soup version 0.21-a0-633-g4c047d5 (webtiles) character file.

40 Charly the Chopper (level 3, -3/34 HPs)
             Began as a Deep Dwarf Monk on Dec 29, 2017.
             Slain by Ijyb
             ... wielding a +0 dagger of distortion
              (20 damage)
             ... on level 3 of the Dungeon.
             The game lasted 00:04:50 (400 turns).

Charly the Chopper (Deep Dwarf Monk)                 Turns: 400, Time: 00:04:51

Health: -3/34      AC:  2    Str: 12    XL:     3   Next: 30%
Magic:  3/3        EV: 13    Int: 10    God:
Gold:   0          SH:  0    Dex: 15    Spells: 2/2 levels left

rFire    . . .     SeeInvis .   a - +0 hand axe
rCold    . . .     Gourm    .   (no shield)
rNeg     . . .     Faith    .   b - +0 robe
rPois    .         Spirit   .   (no helmet)
rElec    .         Reflect  .   (no cloak)
rCorr    .         Harm     .   (no gloves)
MR       .....                  (no boots)
Stlth    ++........             (no amulet)
HPRegen  0.00/turn              l - -3 ring of strength (curse)
MPRegen  0.08/turn              (no ring)

@: non-regenerating
A: damage resistance, heal wounds, sense surroundings 1, no regeneration
a: Heal Wounds


You were on level 3 of the Dungeon.
You were not hungry.

You visited 1 branch of the dungeon, and saw 3 of its levels.

Inventory:

Hand Weapons
 a - a +0 hand axe (weapon)
Armour
 b - a +0 robe (worn)
Jewellery
 l - a cursed -3 ring of strength (left hand)
Scrolls
 e - 2 scrolls of remove curse {unknown}
 f - a scroll of enchant weapon {unknown}
 g - a scroll of blinking {unknown}
 h - 2 scrolls of teleportation {unknown}
 j - a scroll of noise {unknown}
Potions
 d - 2 potions of magic {unknown}
 i - a potion of cancellation {unknown}
 k - a potion of resistance {unknown}
Comestibles
 c - a ration


   Skills:
 + Level 3.1 Fighting
 * Level 4.4 Axes
 - Level 3.2 Dodging
 - Level 2.4 Stealth


You had 2 spell levels left.
You didn't know any spells.

Dungeon Overview and Level Annotations

Branches:
Dungeon (3/15)

Altars:
Sif Muna
Xom

Annotations:
D:3 Ijyb


Innate Abilities, Weirdness & Mutations

You are resistant to damage.
You can heal yourself by infusing magical energy.
You passively map a small area around you.
You do not regenerate.


Message History

Unknown command.
The bat hits you but does no damage.
Found a shimmering altar of Xom.
Unknown command.
The jackal barks!
The bat barely misses you. x2
Found 3 scrolls labeled PACZEE QITARCH.
The bat barely misses you.
A jackal comes into view.
You see here a peridot ring.
l - a peridot ring The bat hits you.
The adder closely misses you. The adder misses you.
Put on which piece of jewellery? (? for menu, Esc to quit)
You feel weaker.
Oops, that ring feels deathly cold.
l - a cursed -3 ring of strength (left hand)
The adder barely misses you. Ijyb hits you but does no damage.
Space warps horribly around you!
Ouch! That really hurt!
You die...

.................#h......#
,
.........##.....##.#####.#
...#######.......#.# ** ,
* ...# #.........#* , ,
...# #.##>##..## #* #,
...# #. #......##.#.?.# *
#l ####bh......hh. , * *
#.#####gSo##.#...# ,
#.....%@h.#*,# , # *
########.## ,, , , * #.#
*, , #.#* * * * * * #.. ,
* ### * * * ,


You could see Ijyb, an adder, an orc, 2 jackals and a bat.

Vanquished Creatures
  2 adders
  A dart slug (D:3)
  3 leopard geckos
  2 orcs (D:3)
  A ball python (D:2)
  A goblin (D:1)
  A hobgoblin (D:2)
  A quokka (D:2)
  3 frilled lizards
  2 rats
17 creatures vanquished.

Notes
Turn   | Place    | Note
-------+----------+-------------------------------------------
     0 | D:1      | Charly the Deep Dwarf Monk began the quest for the Orb.
     0 | D:1      | Reached XP level 1. HP: 20/20 MP: 1/1
   118 | D:2      | Reached XP level 2. HP: 25/27 MP: 2/2
   136 | D:2      | Reached skill level 4 in Axes
   310 | D:3      | Reached XP level 3. HP: 26/34 MP: 3/3
   328 | D:2      | Found a deep blue altar of Sif Muna.
   376 | D:3      | Noticed Ijyb
   394 | D:3      | Found a shimmering altar of Xom.
   400 | D:3      | Slain by Ijyb

Vault maps used:
D:1:      wheals_arrival_shading
D:2:      nicolae_overflow_hidden_temple, uniq_robin, uniq_sigmund
D:3:      nicolae_overflow_crystal_walls, uniq_ijyb

Skill      XL: |  1  2 |
---------------+-------+-----
Fighting       | 3 |  3.1
Axes           | 4 |  4.4
Dodging        | |  3.2
Stealth        | |  2.4

Action                   || total
-------------------------++-------
Melee: Hand axe          ||    56
 Abil: Heal Wounds       ||     1
 Stab: Sleeping          ||     1
Armor: Robe              ||    53
Dodge: Dodged            ||   149

Table legend:
 A = Spawn XP
 B = Non-spawn XP
 C = Spawn XP percentage of total XP
 D = Spawn monster count
 E = Non-spawn monster count
 F = Spawn count percentage of total count
 G = Total turns spent on level
                    A         B        C        D         E        F      G
               +---------+---------+-------+---------+---------+-------+---------
         Total |       0 |      58 |   0.0 |       0 |      17 |   0.0 |   400
               +---------+---------+-------+---------+---------+-------+---------
           D:1 |       0 |       4 |   0.0 |       0 |       3 |   0.0 |    51
           D:2 |       0 |      25 |   0.0 |       0 |       6 |   0.0 |   187
           D:3 |       0 |      29 |   0.0 |       0 |       8 |   0.0 |   162
               +---------+---------+-------+---------+---------+-------+---------
